 Dungeon Crawl Stone Soup version 0.19-a0-1937-g70ed36a (webtiles) character file.

388 qqqbard the Digger (level 6, -10/32 HPs)
             Began as a Gargoyle Earth Elementalist on Oct 26, 2016.
             Mangled by a hornet zombie (11 damage)
             ... on level 4 of the Dungeon.
             The game lasted 00:09:54 (2882 turns).

qqqbard the Digger (Gargoyle Earth Elementalist)    Turns: 2882, Time: 00:09:55

Health: -10/32     AC:  7    Str: 11    XL:     6   Next: 79%
Magic:  1/13       EV: 12    Int: 18    God:
Gold:   156        SH:  0    Dex: 10    Spells: 2 memorised, 10 levels left

rFire  . . .     SeeInvis +     a - +1 short sword (protect)
rCold  . . .     Gourm    .     c - +0 robe
rNeg   + . .     Faith    .     (no shield)
rPois  ∞         Spirit   .     (no helmet)
rElec  +         Reflect  .     l - +0 cloak
rCorr  .         Harm     .     (no gloves)
MR     .....                    (no boots)
Stlth  ++........               (no amulet)
                                (no ring)
                                g - ring of see invisible

@: flying
A: negative energy resistance 1, electricity resistance, unbreathing,
petrification resistance, rot immunity, AC +4
a: no special abilities


You were on level 4 of the Dungeon.
You were hungry.

You visited 1 branch of the dungeon, and saw 4 of its levels.

You collected 156 gold pieces.

Inventory:

Hand Weapons
 a - a +1 short sword of protection (weapon)
Missiles
 b - 20 stones (quivered)
Armour
 c - a +0 robe (worn)
 l - a +0 cloak (worn)
Jewellery
 g - a ring of see invisible (left hand)
Scrolls
 f - a scroll of enchant weapon {unknown}
 h - 4 scrolls of identify {unknown}
 i - a scroll of magic mapping {unknown}
 k - a scroll of amnesia {unknown}
 n - 2 scrolls of remove curse {unknown}
 q - 4 scrolls of teleportation {unknown}
 s - a scroll of fog {unknown}
 t - a scroll of enchant armour {unknown}
Books
 e - a book of Geomancy

   Spells                             Type                      Level
   a - Sandblast                      Earth                        1
   b - Passwall                       Transmutation/Earth          2
   c - Stone Arrow                    Conjuration/Earth            3
   d - Petrify                        Transmutation/Earth          4
   e - Lee's Rapid Deconstruction     Earth                        5
Comestibles
 d - 4 bread rations
 j - 2 slices of pizza
 m - a meat ration
 o - 4 fruits
 u - 2 chunks of flesh


   Skills:
 - Level 1.5 Dodging
 - Level 2.1 Stealth
 * Level 4.8 Spellcasting
 + Level 3.1 Conjurations
   Level 0.7 Transmutations
 + Level 5.4 Earth Magic


You had 10 spell levels left.
You knew the following spells:

 Your Spells              Type           Power        Failure   Level  Hunger
a - Sandblast             Erth           ###...       1%          1    None
b - Stone Arrow           Conj/Erth      ###...       10%         3    ###....


Dungeon Overview and Level Annotations

Branches:
Dungeon (4/15)
 Temple: D:4-7

Altars:
Cheibriados


Innate Abilities, Weirdness & Mutations

You are resistant to torment.
Your stone body is resilient. (AC +4)
You are immune to poison.
You resist negative energy. (rN+)
You are resistant to electric shocks. (rElec)
You can survive without breathing.
You are immune to petrification.
You are immune to rotting.


Message History

The hornet zombie hits you but does no damage.
The hornet zombie hits you.
Your magical contamination has completely faded away.
Casting: Sandblast
Confirm with . or Enter, or press ? or * to list all spells.
Aiming: Stone Arrow
Press: ? - help, Shift-Dir - straight line, f/p - hornet zombie
Aim: a hornet zombie (heavily damaged)
The stone arrow hits the hornet zombie.
The hornet zombie is severely damaged.
The hornet zombie barely misses you. The hornet zombie hits you!
* * * LOW HITPOINT WARNING * * *
The hornet zombie hits you but does no damage.
The hornet zombie hits you.
* * * LOW HITPOINT WARNING * * *
It was a potion of flight.
You feel very buoyant.
You fly up into the air.
The hornet zombie hits you!
You die...

........?...#
...............#
..............######
......#.........<..
###..................
....#.######.$.......
#...### #.[#######
..####....####.##
.....#.....@..######
#......Z##......#
###.............#
#######.....##........#
#...........####......#
###.#####.....#
#......# .<..# #.....#
#......# ....# #.....#
#......# ...## #######
########


You could see a hornet zombie.

Vanquished Creatures
  Grinder (D:3)
  Jessica (D:3)
  2 worker ants (D:4)
  5 adders
  2 worms
  2 dart slugs (D:3)
  3 leopard geckos
  An orc (D:3)
  2 ball pythons
  4 giant cockroaches
  12 goblins
  9 hobgoblins
  16 kobolds
  6 bats
  5 frilled lizards
  A rat (D:2)
72 creatures vanquished.

Notes
Turn   | Place    | Note
-------+----------+-------------------------------------------
     0 | D:1      | qqqbard the Gargoyle Earth Elementalist began the quest for the Orb.
     0 | D:1      | Reached XP level 1. HP: 10/10 MP: 3/3
    98 | D:1      | Reached XP level 2. HP: 7/15 MP: 3/5
   248 | D:1      | Reached skill level 4 in Earth Magic
   335 | D:1      | Reached XP level 3. HP: 6/19 MP: 0/7
   340 | D:1      | Learned a level 3 spell: Stone Arrow
  1134 | D:2      | Reached skill level 1 in Conjurations
  1134 | D:2      | Reached XP level 4. HP: 24/24 MP: 5/9
  1804 | D:3      | Noticed Jessica
  1807 | D:3      | Killed Jessica
  1807 | D:3      | Reached XP level 5. HP: 28/28 MP: 5/10
  1954 | D:3      | Found a snail-covered altar of Cheibriados.
  2076 | D:3      | Noticed Grinder
  2221 | D:3      | Killed Grinder
  2221 | D:3      | Reached skill level 5 in Earth Magic
  2221 | D:3      | Reached XP level 6. HP: 13/32 MP: 3/13
  2608 | D:3      | Found a snail-covered altar of Cheibriados.
  2850 | D:4      | HP: 1/32 [hornet zombie (4)]
  2881 | D:4      | HP: 1/32 [hornet zombie (5)]
  2882 | D:4      | Mangled by a hornet zombie

Vault maps used:
D:1:      lightli_arrival_maybe_door_vault, hex_intersection
D:2:      wad_lake_hut
D:3:      old_standard_altar, first_bread, kennysheep_slug_shrine, uniq_grinder,
          uniq_jessica
D:4:      kennysheep_mini, kennysheep_cluttered_room

Skill      XL: |  1  2  3  4  5  6 |
---------------+-------------------+-----
Earth Magic    | 4 5 |  5.4
Spellcasting   | 3 4 |  4.8
Conjurations   | 1 2 3 |  3.1
Dodging        | |  1.5
Stealth        | |  2.1
Transmutations | |  0.7

Action                   |  1- 3 |  4- 6 || total
-------------------------+-------+-------++-------
Melee: Unarmed           |    18 |    12 ||    30
       Short sword       |       |    45 ||    45
 Cast: Sandblast         |    56 |    66 ||   122
       Stone Arrow       |       |    13 ||    13
  Use: Potion            |       |     3 ||     3
  Eat: Chunk             |     1 |     6 ||     7
Armor: Robe              |    14 |    25 ||    39
Dodge: Dodged            |    37 |    67 ||   104
